 Dungeon Crawl Stone Soup version 0.29.1-2-gbd0b4ee654 (webtiles) character file.

Game seed: 11104770432245752881

3654 cdecastro the Covert (level 9, -1/41 HPs)
             Began as a Spriggan Brigand on Nov 10, 2022.
             Was a High Priest of Nemelex Xobeh.
             Slain by a yak (11 damage)
             ... on level 7 of the Dungeon on Nov 11, 2022.
             The game lasted 00:34:55 (9545 turns).

cdecastro the Covert (Spriggan Brigand)             Turns: 9545, Time: 00:34:55

Health: -1/41      AC:  5    Str: 12    XL:     9   Next: 88%
Magic:  17/17      EV: 16    Int: 17    God:    Nemelex Xobeh [*****.]
Gold:   65         SH:  0    Dex: 16    Spells: 8/8 levels left

rFire   x . .      SeeInvis +   s - +4 short sword (freeze)
rCold   . . .      Faith    .   (no shield)
rNeg    . . .      Spirit   .   q - +2 robe {Will+}
rPois   +          Reflect  .   (helmet restricted)
rElec   .          Harm     .   c - +0 cloak
rCorr   .          Rampage  .   (gloves unavailable)
Will    ++...                   (boots unavailable)
Stlth   ++++++....              p - amulet of Omel {rPois rF- Regen+ Str+5 SInv}
HPRegen 0.93/turn               (no ring)
MPRegen 0.15/turn               (no ring)

@: very quick
A: very small, no large weapons, unfitting armour, see invisible, speed 3
a: Renounce Religion, Draw Escape, Draw Destruction, Draw Summoning, Triple
Draw, Deal Four, Stack Five


You were on level 7 of the Dungeon.
You worshipped Nemelex Xobeh.
Nemelex Xobeh was extremely pleased with you.
You visited 2 branches of the dungeon, and saw 10 of its levels.

You collected 433 gold pieces.
You spent 368 gold pieces at shops.

Inventory:

Hand Weapons
 s - a +4 short sword of freezing (weapon)
 H - a +4 falchion
Missiles
 d - 2 poisoned darts (quivered)
 e - a curare-tipped dart
 i - 57 stones
 j - 4 atropa-tipped darts
Armour
 c - a +0 cloak (worn)
 q - a +2 robe of willpower (worn)
Jewellery
 a - a ring of ice
 h - an amulet of regeneration
 p - the amulet of Omel (around neck) {rPois rF- Regen+ Str+5 SInv}
   (You found it on level 2 of the Dungeon)

   [amulet of regeneration]

   Str:       It affects your strength (+5).
   rF:        It makes you vulnerable to fire.
   rPois:     It protects you from poison.
   SInv:      It lets you see invisible.
   Regen:     It increases your rate of health regeneration.
 y - an amulet of faith
Wands
 G - a wand of polymorph (3)
Scrolls
 b - 5 scrolls of amnesia {unknown}
 g - 2 scrolls of teleportation {unknown}
 m - 2 scrolls of blinking {unknown}
 n - 2 scrolls of immolation {unknown}
 o - 2 scrolls of vulnerability {unknown}
 r - a scroll of summoning {unknown}
 u - a scroll of fear {unknown}
 v - a scroll of enchant weapon {unknown}
 x - a scroll of brand weapon
 B - a scroll of magic mapping
 C - a scroll of poison
 E - a scroll of acquirement {unknown}
 F - a scroll of silence {unknown}
Potions
 f - 3 potions of haste
 k - 2 potions of flight
 t - a potion of mutation
 w - 3 potions of magic
 z - 2 potions of cancellation
 A - 3 potions of curing {unknown}
 D - a potion of brilliance {unknown}


   Skills:
 - Level 1.5 Fighting
 - Level 2.1 Short Blades
 - Level 5.2 Throwing
 - Level 1.3 Dodging
 + Level 13.7 Stealth
 * Level 10.5 Invocations


You had 8 spell levels left.
You didn't know any spells.
Your spell library contained the following spells:

 Spells                   Type           Power      Damage    Failure   Level
 Foxfire                  Conj/Fire      0%         2x1d4     24%         1
 Magic Dart               Conj           0%         1d3       24%         1
 Searing Ray              Conj           0%         2d4       34%         2
 Confusing Touch          Hex            0%         N/A       56%         3
 Conjure Flame            Conj/Fire      0%         6-21      56%         3
 Inner Flame              Hex/Fire       0%         N/A       56%         3
 Portal Projectile        Hex/Tloc       0%         N/A       56%         3
 Tukima's Dance           Hex            0%         N/A       56%         3
 Flame Wave               Conj/Fire      0%         2d4       93%         4
 Fulminant Prism          Conj/Hex       0%         3d6       93%         4
 Blade Hands              Tmut           0%         N/A       100%        5
 Fireball                 Conj/Fire      0%         3d3       100%        5
 Iskenderun's Battlesphe  Conj           0%         2d6       100%        5
 Yara's Violent Unravell  Hex/Tmut       0%         3d3       100%        5
 Conjure Ball Lightning   Conj/Air       0%         3x3d6     100%        6
 Enfeeble                 Hex            0%         N/A       100%        7
 Orb of Destruction       Conj           0%         9d5       100%        7


Dungeon Overview and Level Annotations

Branches:
Dungeon (9/15)             Temple (1/1) D:6
   Lair: D:8-11         Orc: D:9-12

Altars:
Ashenzari
Cheibriados
Dithmenos
Elyvilon
Fedhas
Gozag
Hepliaklqana
Kikubaaqudgha
Makhleb
Nemelex Xobeh
Okawaru
Qazlal
Ru
Sif Muna
Trog
Uskayaw
Vehumet
Wu Jian
Xom
Yredelemnul
The Shining One

Shops:
D:5 ?   D:8 :

Annotations:
D:7 exclusion: oklob plant, Pikel


Innate Abilities, Weirdness & Mutations

You are very small and have problems with some larger weapons.
You are too small for most types of armour.
You have supernaturally acute eyesight. (SInv)
You cover ground extremely quickly. (Speed+++)


Message History

Throw: 4 darts (poison)
Press: ? - help, Q - select action, (/) - cycle Shift-Dir - straight line, f/p - yak
Aim: a yak (lightly wounded, poisoned, 72% to hit)
You throw a poisoned dart. The poisoned dart hits the yak.
The yak looks even sicker.
The yak is lightly wounded.
Throw: 3 darts (poison)
Press: ? - help, Q - select action, (/) - cycle Shift-Dir - straight line, f/p - yak
Aim: a yak (lightly wounded, very poisoned, 72% to hit)
You throw a poisoned dart. The poisoned dart hits the yak!
The yak looks as sick as possible!
The yak is lightly wounded.
You barely miss the yak.
The yak is heavily wounded.
The yak misses you.
You barely miss the yak.
The yak is heavily wounded.
The yak gores you but does no damage.
You barely miss the yak.
The yak is heavily wounded.
The yak gores you!
You hit the yak. You freeze the yak.
The yak is severely wounded.
The yak gores you!
* * * LOW HITPOINT WARNING * * *
You barely miss the yak.
The yak is severely wounded.
The yak gores you but does no damage.
You hit the yak. You freeze the yak.
The yak is severely wounded.
The yak barely misses you.
You hit the yak. You freeze the yak.
The yak is almost dead.
The yak gores you!
* * * LOW HITPOINT WARNING * * *
You hit the yak. You freeze the yak.
The yak is almost dead.
The yak gores you!
You die...
Your body glows with a rainbow of weird colours and disappears.

#..#.###.....#.♣# #♣[♣# #♣..####.
##.#......####..♣♣♣.♣.♣♣♣......#.
##....###.##.......♣♣♣....(......
#.#...###.##.#..♣♣♣.♣.♣♣♣.(####..
#............#.♣# #♣.♣# #♣.# ##.
....##.##.##...♣ ♣.♣ ♣Y# #.
###..#.....))..♣# #♣.♣# #♣.# #.
####..##..###...♣♣♣[..♣♣♣..# #.
...........#....@Y.....(...# #.
#####.#..#.......###.###.#.## #.
#####..........#..##.....#..# ##
....<....########.#####.....#####
.######.## #.......#...##... .#
###..# ####..########......
####....### #.........## ####...
#.........# #.####.....## #...
#...###...####.###)).....## #...


You could see a yak (very poisoned).

Vanquished Creatures
  A troll (D:7)
  A hornet (D:4)
  A slime creature (D:6)
  A shadow (D:7)
  3 yaks (D:8)
  Edmund (D:6)
  A water moccasin (D:7)
  An ice beast (D:7)
  3 sky beasts
  An ogre (D:5)
  A tengu (D:6)
  2 phantoms (D:5)
  A centaur (D:5)
  A kobold brigand (D:7)
  A necrophage (D:7)
  3 wights
  7 killer bees
  2 howler monkeys (D:6)
  A quasit (D:3)
  3 hounds
  An orc priest (D:3)
  3 iguanas
  2 orc wizards
  7 gnolls
  10 adders
  A shadow imp (D:6)
  2 ufetubi
  2 worms
  4 dart slugs
  10 orcs
  10 endoplasms
  A giant cockroach (D:2)
  3 goblins
  8 hobgoblins
  4 jackals (D:1)
  10 kobolds
  2 quokkas
  9 ball pythons
  4 bats
  2 frilled lizards (D:1)
  3 goblin skeletons (D:3)
  3 hobgoblin zombies (D:3)
  A jackal zombie (D:7)
  An orc skeleton (D:3)
  4 orc zombies (D:3)
  6 rats
149 creatures vanquished.

Vanquished Creatures (collateral kills)
  A wyvern (D:7)
  3 killer bees (D:8)
  2 orc priests (D:7)
6 creatures vanquished.

Vanquished Creatures (others)
  A wizard (D:4)
  A human (D:7)
  A lemure (D:7)
3 creatures vanquished.

Grand Total: 158 creatures vanquished

Notes
Turn   | Place    | Note
-------+----------+-------------------------------------------
     0 | D:1      | cdecastro the Spriggan Brigand began the quest for the Orb.
     0 | D:1      | Reached XP level 1. HP: 10/10 MP: 2/2
    19 | D:1      | Found a faded altar of an unknown god.
    27 | D:1      | Prayed at the altar of an unknown god.
    27 | D:1      | Became a worshipper of Nemelex Xobeh the Trickster
    27 | D:1      | Reached * piety under Nemelex Xobeh
   249 | D:1      | Reached skill level 6 in Stealth
   378 | D:1      | Reached XP level 2. HP: 14/14 MP: 3/3
   405 | D:1      | Received a gift from Nemelex Xobeh
  1349 | D:2      | Reached XP level 3. HP: 18/18 MP: 4/4
  1416 | D:2      | You fall into a shaft and drop 1 floor!
  1670 | D:3      | Received a gift from Nemelex Xobeh
  1918 | D:2      | Reached XP level 4. HP: 22/22 MP: 5/5
  2201 | D:2      | Reached ** piety under Nemelex Xobeh
  2418 | D:2      | Found a hide-covered altar of Uskayaw.
  2656 | D:2      | Identified the amulet of Omel {rPois rF- Regen+ Str+5 SInv}
  2704 | D:2      | Reached skill level 7 in Stealth
  3430 | D:3      | Reached XP level 5. HP: 25/25 MP: 6/6
  3653 | D:3      | Reached skill level 5 in Throwing
  4010 | D:3      | Found a glowing golden altar of the Shining One.
  4342 | D:4      | Found a bloodstained altar of Trog.
  4352 | D:4      | Reached XP level 6. HP: 30/30 MP: 7/7
  4397 | D:4      | Reached skill level 8 in Stealth
  4397 | D:4      | Reached skill level 1 in Invocations
  4571 | D:4      | Noticed a hornet
  4579 | D:4      | Killed a hornet
  4620 | D:4      | Reached *** piety under Nemelex Xobeh
  4839 | D:4      | Noticed a wizard
  4842 | D:4      | Killed a wizard
  4882 | D:5      | Entered Level 5 of the Dungeon
  4887 | D:5      | Reached XP level 7. HP: 33/33 MP: 10/10
  5139 | D:5      | Reached skill level 9 in Stealth
  5183 | D:5      | Received a gift from Nemelex Xobeh
  5401 | D:5      | Reached **** piety under Nemelex Xobeh
  5582 | D:5      | Received a gift from Nemelex Xobeh
  5587 | D:5      | Found Qelyusk's Magic Scroll Boutique.
  5590 | D:5      | Bought a scroll of noise for 11 gold pieces
  5590 | D:5      | Bought a scroll of magic mapping for 82 gold pieces
  5590 | D:5      | Bought a scroll of poison for 44 gold pieces
  5590 | D:5      | Bought a scroll of identify for 22 gold pieces
  5603 | D:5      | Reached skill level 5 in Invocations
  5763 | D:6      | Reached skill level 10 in Stealth
  5833 | D:6      | Reached XP level 8. HP: 37/37 MP: 13/13
  5974 | D:6      | Found a staircase to the Ecumenical Temple.
  5980 | Temple   | Entered the Ecumenical Temple
  6354 | D:6      | Reached ***** piety under Nemelex Xobeh
  6363 | D:6      | Received a gift from Nemelex Xobeh
  6464 | D:6      | Noticed Edmund
  6503 | D:6      | Killed Edmund
  6560 | D:6      | Found a white marble altar of Elyvilon.
  6791 | D:7      | Found a runed translucent door.
  6822 | D:6      | Reached skill level 11 in Stealth
  6928 | D:7      | Found a basalt altar of Yredelemnul.
  7019 | D:7      | Noticed Pikel
  7391 | D:7      | Found a blossoming altar of Fedhas.
  7393 | D:7      | Received a gift from Nemelex Xobeh
  7406 | D:7      | Noticed an oklob plant
  7507 | D:7      | Found an ancient bone altar of Kikubaaqudgha.
  7532 | D:7      | Found an ornate altar of the Wu Jian Council.
  7649 | D:7      | Noticed a slime creature
  7651 | D:7      | Reached XP level 9. HP: 41/41 MP: 16/16
  7829 | D:7      | Reached skill level 12 in Stealth
  8288 | D:8      | Noticed a troll
  8323 | D:7      | Killed a troll
  8380 | D:8      | Reached skill level 13 in Stealth
  8575 | D:8      | Received a gift from Nemelex Xobeh
  8787 | D:8      | Found Sominat's Book Boutique.
  8894 | D:5      | Bought 2 scrolls of brand weapon for 209 gold pieces
  9245 | D:8      | Reached skill level 10 in Invocations
  9545 | D:7      | Slain by a yak

Illustrated notes

Levels and vault maps discovered:
D:1:      saegor_arrival_simple_d, layout_loops_ring, basic_ecumenical_altar
D:2:      layout_loops_corners, basic_altar
D:3:      layout_basic, nicolae_tso_besieged_by_evil,
          nicolae_elevator_lobby_asterisk
D:4:      layout_cave_pools, trog_wizard
D:5:      layout_layer_cave, serial_shops, kennysheep_mini
D:6:      layout_basic, mainiacjoe_overflow_surrounded_room, temple_green,
          abandoned_shop, uniq_edmund
D:7:      minmay_cornered_nines, layout_rooms, dk_yredelemnul_ordeal,
          mainiacjoe_overflow_two_lobes, tgw_fedhas, minmay_stone_trees_medium,
          kennysheep_generic_room_3, uniq_pikel
D:8:      layout_rooms, serial_shops, kennysheep_little_box,
          minmay_large_rounded_square
D:9:      minmay_angry_zag, layout_cave_pools, marbit_many_paths,
          hiddenorc1_lemuel, palyth_stone_intersect
Temple:   dpeg_chambers_temple

Skill      XL: |  1  2  3  4  5  6  7  8  9 |
---------------+----------------------------+-----
Stealth        | 6 7 8 10 11 13 | 13.7
Throwing       | 3 4 5 |  5.2
Invocations    | 3 5 8 10 | 10.5
Fighting       | |  1.5
Short Blades   | |  2.1
Dodging        | |  1.3

Action                   |  1- 3 |  4- 6 |  7- 9 || total
-------------------------+-------+-------+-------++-------
Melee: Dagger            |    46 |   130 |   300 ||   476
       Punch             |     2 |     1 |     4 ||     7
       Short sword       |       |       |    50 ||    50
Throw: Dart              |    38 |    49 |    61 ||   148
       Stone             |       |       |     2 ||     2
Invok: Draw Destruction  |     3 |       |    30 ||    33
       Draw Summoning    |       |       |     2 ||     2
  Use: Scroll            |       |       |     8 ||     8
       Potion            |       |       |     2 ||     2
 Stab: Sleeping          |     7 |    12 |    14 ||    33
       Distracted        |       |     1 |       ||     1
       Invisible         |       |     1 |     1 ||     2
Armor: Robe              |     4 |    13 |    66 ||    83
       Skin              |       |       |    74 ||    74
Dodge: Dodged            |    17 |    67 |   272 ||   356
